 Dungeon Sprint DCSS version 0.18-a0-1655-ge2d8d33 (webtiles) character file.

17325 Kidiri the Soothsayer (level 12, 0/86 HPs)
             Began as a Spriggan Artificer on Mar 30, 2016.
             Was a Priest of Nemelex Xobeh.
             Killed by vampiric draining
             ... invoked by a vampire knight
              (3 damage)
             ... in the Dungeon (Sprint V: "Ziggurat Sprint").
             The game lasted 00:32:51 (1563 turns).

Kidiri the Soothsayer (Spriggan Artificer)          Turns: 1563, Time: 00:32:52

Health: 0/86       AC: 27    Str: 28    XL:     12   Next: 17%
Magic:  25/25      EV: 21    Int: 14    God:    Nemelex Xobeh [***...]
Gold:   0          SH: 13    Dex: 20    Spells: 0 memorised, 11 levels left

rFire  + . .     SeeInvis +     V - +11 rapier "Goblinslayer" {elec, *Confuse +Blink rElec Str+3}
rCold  + . .     Gourm    .     S - +9 armour of the Dragon King {rPois rF+ rC+ MR+}
rNeg   . . .     Faith    .     n - +3 buckler
rPois  +         Spirit   .     (helmet restricted)
rElec  +         Dismiss  .     (no cloak)
rCorr  .         Reflect  .     (gloves unavailable)
SustAt .         Harm     .     (boots unavailable)
MR     +++..     NoTele   +     X - amulet of Vitality {Regen+ HP+15}
Stlth  ..........               x - +6 ring of strength
                                w - +6 ring of strength

@: mighty, slowed, studying Stealth, quick, extremely resistant to hostile
enchantments, extremely unstealthy
A: unfitting armour, talons 1, see invisible, herbivore 3, speed 3, slow
metabolism 2
a: Triple Draw, Renounce Religion, Evoke Blink


You were in the Dungeon.
You worshipped Nemelex Xobeh.
Nemelex Xobeh was most pleased with you.
You were not hungry.

You visited 1 branch

Inventory:

Hand Weapons
 a - a +5 quick blade
 V - the +11 rapier "Goblinslayer" (weapon) {elec, *Confuse +Blink rElec Str+3}
   (You found it in the Dungeon)

   Occasionally, upon striking a foe, it will discharge some electrical energy
   and cause terrible harm.
   It affects your strength (+3).
   It insulates you from electricity.
   It lets you blink.
   It may confuse you when you take damage.
Armour
 n - a +3 buckler (worn)
 S - the +9 armour of the Dragon King (worn) {rPois rF+ rC+ MR+}
   (You found it in the Dungeon)

   It protects you from fire.
   It protects you from cold.
   It protects you from poison.
   It affects your resistance to hostile enchantments.
Jewellery
 s - a +6 ring of dexterity
 t - a +6 ring of dexterity
 w - a +6 ring of strength (left hand)
 x - a +6 ring of strength (right hand)
 K - an uncursed ring of positive energy
 O - the amulet "Dumeirix" {Regen+ Str+3}
   (You found it in the Dungeon)

   [amulet of regeneration]

   It affects your strength (+3).
   It increases your rate of regeneration.
 P - the amulet of the Demon Prince {rElec rN++ Regen+ Int+3}
   (You found it in the Dungeon)

   [amulet of regeneration]

   It affects your intelligence (+3).
   It insulates you from electricity.
   It greatly protects you from negative energy.
   It increases your rate of regeneration.
 T - the amulet of Cekugob {Dismiss -Tele rElec rPois rN++ AC+1 EV+1}
   (You found it in the Dungeon)

   [amulet of dismissal]

   It may teleport away creatures that harm you.
   It affects your AC (+1).
   It affects your evasion (+1).
   It insulates you from electricity.
   It protects you from poison.
   It greatly protects you from negative energy.
   It prevents most forms of teleportation.
 X - the amulet of Vitality (around neck) {Regen+ HP+15}
   (You found it in the Dungeon)

   [amulet of regeneration]

   It affects your health (+15).
   It increases your rate of regeneration.
Wands
 c - a wand of flame (10/48)
 d - a wand of enslavement (7/24)
 e - a wand of random effects (14/48)
 o - a wand of disintegration (5/24)
 p - a wand of iceblast (5/15)
 q - a wand of lightning (0/15)
 r - a wand of acid (0/15)
Scrolls
 l - 4 scrolls of blinking
 v - 4 scrolls of amnesia
 y - 2 scrolls of recharging
 z - 7 scrolls of fog
 A - a scroll of holy word
 B - 5 scrolls of identify
 C - 5 scrolls of remove curse
 D - 2 scrolls of fear
Potions
 g - 10 potions of curing
 i - 8 potions of haste
 j - 7 potions of magic
 k - 3 potions of berserk rage
 E - 2 potions of brilliance
 F - 2 potions of invisibility
 G - 4 potions of resistance
 I - 5 potions of agility
 J - 6 potions of might
 U - a potion of flight {unknown}
Books
 b - a manual of Stealth
Miscellaneous
 m - a disc of storms
 H - a plain deck of escape
 L - a phial of floods
 M - a plain deck of war {drawn: 3}
 N - a fan of gales
 Q - a plain deck of changes {drawn: 5}
 R - a plain deck of defence {drawn: 4}
 W - a box of beasts {used: 1}
 Y - a plain deck of summoning {drawn: 2}
Comestibles
 f - 5 bread rations
 u - 42 fruits


   Skills:
 * Level 12.0 Fighting
 + Level 11.2 Short Blades
 * Level 11.1 Armour
 + Level 14.1 Dodging
 - Level 1.5 Stealth
 * Level 11.0 Shields
 * Level 17.7 Evocations


You had 11 spell levels left.
You didn't know any spells.

Dungeon Overview and Level Annotations

Branches:
Dungeon (1/1)

Altars:
Ashenzari
Cheibriados
Dithmenos
Elyvilon
Fedhas
Gozag
Kikubaaqudgha
Makhleb
Nemelex Xobeh
Okawaru
Pakellas
Qazlal
Ru
Sif Muna
Trog
Vehumet
Xom
Yredelemnul
Zin
The Shining One
Beogh
Jiyva
Lugonu

Annotations:
D Nessos


Innate Abilities, Weirdness & Mutations

You are tiny and cannot use many weapons and most armour.
You have supernaturally acute eyesight.
You are a herbivore.
You cover ground extremely quickly.
You need consume almost no food.
You have sharp toenails.


Message History

You claw the vampire knight!
The vampire knight is severely damaged.
The vampire knight is infused with unholy energy.
* * * LOW HITPOINT WARNING * * *
The vampire knight draws life force from you and is healed!
The shadow wraith barely misses you.
Evoke which item? (* to show all) (? for menu, Esc to quit)
Zapping:
r - a wand of acid (1/15)
Press: ? - help, Shift-Dir - straight line, f - vampire knight
Aim: a vampire knight, wielding a battleaxe and wearing a plate armour (heavily damaged, fast, slightly transparent)
The bolt of acid hits the vampire knight.
The vampire knight is severely damaged.
The bolt of acid misses the vampire mage.
The bolt of acid hits the skeletal warrior.
The acid corrodes the skeletal warrior!
The skeletal warrior is heavily damaged.
This wand has 0 charges left.
The vampire knight is infused with unholy energy.
You die...
Your body glows slightly and disappears.

▓▓▓▓▓▓▓▓▓▓▓▓▓▓▓
.8©8....▓▓.8©8.▓.8©8.▓.8
|..)[}..▓▓.[...▓.|=:.▓..
▓.....|..)..▓▓..)))▓.....▓.=
▓...........▓▓..)..▓.....▓..
▓...........▓▓.....▓.....▓..
▓...........▓▓.....▓.....▓..
▓.........c)▓▓..(..▓.....▓▓▓
≈.▓.....▓W@▓▓▓▓▓▓▓▓▓▓▓▓▓▓▓▓
▓.▓..≈▓W▓V▓..8©8...▓..8©8.
▓..▓..)).▓WV▓..|:)...▓......
▓.......≈)Wz▓........▓..:...
▓▓▓▓▓▓▓▓▓▓▓▓▓...)....▓......
▓....8©8....▓..))....▓......
▓..|):.)))..▓.▓....▓.▓.▓.[|.
▓...:|[:.[..▓...(....▓......
▓...........▓▓▓▓▓▓▓▓▓▓▓▓▓▓▓▓


You could see a vampire knight (invisible), a skeletal warrior, a vampire mage
(invisible), 2 shadow wraiths, a freezing wraith, a shadow (invisible) and a
friendly yaktaur.

Vanquished Creatures
  Kirke (D)
  A vampire knight (D)
  A mummy priest (D)
  A minotaur (D)
  A ghost crab (D)
  A merfolk aquamancer (D)
  Nergalle (D)
  A deep elf knight (D)
  A soul eater (D)
  A sea snake (D)
  An unseen horror (shapeshifter) (D)
  3 necromancers (D)
  An anubis guard (D)
  A black mamba (D)
  A yaktaur (D)
  4 merfolk (D)
  A yak (shapeshifter) (D)
  A golden eye (D)
  A water moccasin (D)
  An eye of draining (D)
  An eye of draining (shapeshifter) (D)
  A giant frog (D)
  3 earth elementals (D)
  4 wights (D)
  An orc wizard (D)
  An iron imp (D)
  A mummy (D)
  A giant eyeball (D)
  An ooze (D)
  An adder skeleton (D)
  3 orcs (D)
  A spectral bat (D)
  2 ball pythons (D)
  2 bat skeletons (D)
  2 bat zombies (D)
  A spectral ball python (D)
  A spectral giant gecko (D)
52 creatures vanquished.

Vanquished Creatures (collateral kills)
  A merfolk javelineer (D)
  A mummy priest (D)
  A ghost crab (D)
  A dancing weapon (D)
  A vampire mage (D)
  2 soul eaters (D)
  A swamp dragon (D)
  A deep elf archer (D)
  A griffon (D)
  A moth of wrath (D)
  A wolf spider (D)
  An ugly thing (D)
  2 shining eyes (D)
  2 toenail golems (D)
  A naga mage (D)
  A guardian mummy (D)
  A slime creature (D)
  A redback (D)
  A flying skull (D)
  A spriggan (shapeshifter) (D)
  2 neqoxecs (D)
  2 nagas (D)
  A hell hound (D)
  3 eyes of draining (D)
  An earth elemental (D)
  A crimson imp (D)
  A jelly (D)
  A quasit (D)
  A white imp (D)
  2 adder zombies (D)
  A spectral bat (D)
  A bat skeleton (D)
  2 bat zombies (D)
  A giant gecko skeleton (D)
43 creatures vanquished.

Vanquished Creatures (others)
  An elephant (D)
  A water moccasin (D)
  A centaur (D)
  An earth elemental (D)
4 creatures vanquished.

Grand Total: 99 creatures vanquished

Notes
Turn   | Place    | Note
--------------------------------------------------------------
     0 | D        | Kidiri the Spriggan Artificer began the quest for the Orb.
     0 | D        | Reached XP level 1. HP: 9/9 MP: 4/4
     1 | D        | Found a viscous altar of Jiyva.
     1 | D        | Found a roughly hewn altar of Beogh.
     1 | D        | Found a corrupted altar of Lugonu.
     1 | D        | Found a white marble altar of Elyvilon.
     7 | D        | Found a sparkling altar of Nemelex Xobeh.
     8 | D        | Found a bloodstained altar of Trog.
     8 | D        | Found a deep blue altar of Sif Muna.
     8 | D        | Found a burning altar of Makhleb.
     8 | D        | Found an iron altar of Okawaru.
    21 | D        | Found a radiant altar of Vehumet.
    23 | D        | Found a shimmering altar of Xom.
    34 | D        | Became a worshipper of Nemelex Xobeh the Trickster
   126 | D        | Reached skill level 5 in Evocations
   126 | D        | Reached XP level 2. HP: 16/16 MP: 4/6
   149 | D        | Received a gift from Nemelex Xobeh
   149 | D        | Entered arena 1.
   149 | D        | Noticed a centaur
   149 | D        | Noticed a yaktaur
   157 | D        | Killed a yaktaur
   157 | D        | Reached skill level 8 in Evocations
   157 | D        | Reached XP level 3. HP: 21/21 MP: 6/9
   157 | D        | Reached XP level 4. HP: 26/26 MP: 7/11
   157 | D        | Reached XP level 5. HP: 30/30 MP: 7/12
   200 | D        | Entered arena 2.
   200 | D        | Noticed a golden eye
   200 | D        | Noticed an eye of draining
   204 | D        | Killed a golden eye
   204 | D        | Reached skill level 5 in Fighting
   204 | D        | Reached skill level 9 in Evocations
   204 | D        | Reached XP level 6. HP: 35/35 MP: 13/13
   217 | D        | Reached skill level 5 in Short Blades
   269 | D        | Entered arena 3.
   323 | D        | Entered arena 4.
   323 | D        | Noticed a merfolk
   323 | D        | Noticed a merfolk
   323 | D        | Noticed a merfolk
   323 | D        | Noticed a merfolk
   327 | D        | Killed a merfolk
   327 | D        | Reached skill level 5 in Armour
   327 | D        | Reached skill level 5 in Shields
   327 | D        | Reached skill level 10 in Evocations
   327 | D        | Reached XP level 7. HP: 33/40 MP: 15/15
   328 | D        | Killed a merfolk
   328 | D        | Killed a merfolk
   328 | D        | Reached skill level 11 in Evocations
   328 | D        | Reached XP level 8. HP: 38/45 MP: 15/17
   349 | D        | Killed a merfolk
   445 | D        | Reached * piety under Nemelex Xobeh
   445 | D        | Entered arena 5.
   467 | D        | Got the amulet "Xeeli" {Gourm rElec rN+ Dex+3}
   574 | D        | Entered arena 6.
   574 | D        | Noticed a slime creature
   581 | D        | Killed a slime creature
   581 | D        | Reached skill level 12 in Evocations
   589 | D        | Got the amulet of the Demon Prince {rElec rN++ Regen+ Int+3}
   715 | D        | Received a gift from Nemelex Xobeh
   715 | D        | Entered arena 7.
   715 | D        | Noticed a black mamba
   715 | D        | Noticed a naga mage
   721 | D        | Killed a naga mage
   721 | D        | Reached XP level 9. HP: 39/51 MP: 19/19
   724 | D        | Killed a black mamba
   724 | D        | Reached skill level 10 in Dodging
   724 | D        | Reached skill level 13 in Evocations
   755 | D        | Entered arena 8.
   755 | D        | Noticed a deep elf knight
   755 | D        | Noticed a deep elf mage
   755 | D        | Noticed a hand axe of electrocution
   755 | D        | Noticed a deep elf knight
   755 | D        | Noticed a deep elf knight
   755 | D        | Noticed a deep elf mage
   755 | D        | Noticed a deep elf archer
   758 | D        | Killed a deep elf knight
   759 | D        | a deep elf mage changed into a redback
   759 | D        | Noticed a shining eye
   759 | D        | a deep elf knight changed into a shining eye
   759 | D        | Noticed a cyclops
   759 | D        | a deep elf mage changed into a cyclops
   759 | D        | Noticed a wolf spider
   759 | D        | a deep elf knight changed into a wolf spider
   762 | D        | Killed a shining eye
   763 | D        | Killed a hand axe of electrocution
   768 | D        | Killed a wolf spider
   768 | D        | Reached XP level 10. HP: 58/58 MP: 21/21
   775 | D        | Killed a deep elf archer
   775 | D        | Reached skill level 14 in Evocations
   800 | D        | Entered arena 9.
   800 | D        | Noticed a shining eye
   800 | D        | Noticed a purple ugly thing
   800 | D        | Noticed an unseen horror
   802 | D        | Killed an unseen horror
   802 | D        | Gained mutation: You have sharp toenails. [a shining eye]
   805 | D        | Killed a shining eye
   816 | D        | Killed a purple ugly thing
   828 | D        | Got the amulet "Dumeirix" {Regen+ Str+3}
   908 | D        | Reached ** piety under Nemelex Xobeh
   908 | D        | Entered arena 10.
   908 | D        | Noticed a toenail golem
   908 | D        | Noticed a toenail golem
   908 | D        | Noticed a toenail golem
   909 | D        | Banished a toenail golem
   932 | D        | Killed a toenail golem
   945 | D        | Killed a toenail golem
   988 | D        | Received a gift from Nemelex Xobeh
   988 | D        | Entered arena 11.
   988 | D        | Noticed a merfolk aquamancer
   988 | D        | Noticed a sea snake
   988 | D        | Noticed a harpy
   988 | D        | Noticed a manticore
   988 | D        | Noticed a merfolk impaler
   989 | D        | Noticed a merfolk impaler
   989 | D        | Noticed a sea snake
   990 | D        | Noticed a siren
   990 | D        | Noticed a merfolk javelineer
   990 | D        | Noticed a merfolk javelineer
   992 | D        | Killed a sea snake
   992 | D        | Reached skill level 10 in Fighting
   992 | D        | Reached skill level 15 in Evocations
   993 | D        | Noticed a swamp dragon
   993 | D        | a sea snake changed into a swamp dragon
   993 | D        | a harpy changed into a water moccasin
   993 | D        | Noticed a great orb of eyes
   993 | D        | a merfolk impaler changed into a great orb of eyes
   993 | D        | Noticed a ghost crab
   993 | D        | a manticore changed into a ghost crab
   993 | D        | Noticed a griffon
   993 | D        | a merfolk impaler changed into a griffon
   993 | D        | Noticed a spark wasp
   993 | D        | a merfolk javelineer changed into a spark wasp
   993 | D        | Noticed a ghost crab
   993 | D        | a siren changed into a ghost crab
   999 | D        | Killed a swamp dragon
  1001 | D        | Killed a merfolk aquamancer
  1002 | D        | Killed a merfolk javelineer
  1002 | D        | Reached XP level 11. HP: 64/64 MP: 21/23
  1003 | D        | a great orb of eyes changed into an elephant
  1003 | D        | a spark wasp changed into a moth of wrath
  1004 | D        | Killed a ghost crab
  1014 | D        | Killed a griffon
  1020 | D        | Noticed a spectral anaconda
  1021 | D        | Killed a ghost crab
  1041 | D        | Entered arena 12.
  1041 | D        | Noticed Nessos
  1041 | D        | Noticed Kirke
  1041 | D        | Noticed Maud
  1042 | D        | Received a gift from Nemelex Xobeh
  1042 | D        | Noticed Duvessa
  1042 | D        | Noticed Nergalle
  1043 | D        | Noticed Maud
  1043 | D        | Maud changed into Maud the minotaur
  1043 | D        | Noticed Duvessa
  1043 | D        | Duvessa changed into Duvessa the giant frog
  1043 | D        | Noticed Nessos
  1043 | D        | Nessos changed into Nessos the fire crab
  1045 | D        | Killed Duvessa the giant frog
  1045 | D        | Reached skill level 16 in Evocations
  1058 | D        | Killed Nergalle
  1058 | D        | Reached skill level 10 in Short Blades
  1073 | D        | Killed Kirke
  1073 | D        | Reached skill level 10 in Armour
  1073 | D        | Reached skill level 10 in Shields
  1083 | D        | Killed Maud the minotaur
  1102 | D        | Got the +11 rapier "Goblinslayer" {elec, *Confuse +Blink rElec Str+3}
  1137 | D        | Entered arena 13.
  1138 | D        | Noticed a mummy priest
  1138 | D        | Noticed an anubis guard
  1139 | D        | Noticed an anubis guard
  1139 | D        | Noticed a mummy priest
  1139 | D        | Noticed a mummy priest
  1144 | D        | Noticed a jiangshi
  1152 | D        | Killed a mummy priest
  1160 | D        | Killed an anubis guard
  1166 | D        | Killed a mummy priest
  1166 | D        | Reached skill level 17 in Evocations
  1170 | D        | Reached *** piety under Nemelex Xobeh
  1395 | D        | Entered arena 14.
  1396 | D        | Noticed a soul eater
  1398 | D        | Noticed a soul eater
  1398 | D        | Noticed a soul eater
  1399 | D        | Drew Focus: Dex increased to 20, Str decreased to 7
  1405 | D        | HP: 3/80 [soul eater/drain life (13)]
  1410 | D        | Killed a soul eater
  1414 | D        | Killed a soul eater
  1417 | D        | Killed a soul eater
  1511 | D        | Entered arena 15.
  1511 | D        | Noticed a vampire knight
  1511 | D        | Noticed a vampire mage
  1512 | D        | Noticed a vampire mage
  1513 | D        | Noticed a skeletal warrior
  1513 | D        | Noticed a vampire knight
  1513 | D        | Noticed a necromancer
  1513 | D        | Killed a necromancer
  1514 | D        | Noticed a necromancer
  1518 | D        | Noticed a shadow wraith
  1523 | D        | Noticed a flayed ghost
  1523 | D        | Noticed a shadow wraith
  1542 | D        | Killed a necromancer
  1542 | D        | Reached XP level 12. HP: 56/71 MP: 25/25
  1554 | D        | Killed a vampire mage
  1560 | D        | Killed a vampire knight
  1562 | D        | HP: 2/86 [vampire knight/vampiric draining (17)]
  1563 | D        | Killed from afar by a vampire knight

Vault maps used:
D:        sprint_v

Skill      XL: |  1  2  3  4  5  6  7  8  9 10 11 12 |
---------------+-------------------------------------+-----
Fighting       | 2 4 5 6 7 9 10 11 12 | 12.0
Short Blades   | 2 4 5 6 7 8 9 11 | 11.2
Armour         | 2 3 4 5 6 7 8 9 10 11 | 11.1
Dodging        | 4 6 7 8 9 10 12 13 14 | 14.1
Shields        | 2 4 5 6 7 8 9 10 11 | 11.0
Evocations     | 5 8 9 10 11 12 13 15 17 | 17.7
Stealth        | |  1.5

Action                   |  1- 3 |  4- 6 |  7- 9 | 10-12 || total
-------------------------+-------+-------+-------+-------++-------
Melee: Quick blade       |     3 |     9 |    49 |    76 ||   137
       Rapier            |       |       |       |    38 ||    38
Evoke: Wand              |     2 |     3 |     4 |    25 ||    34
       Disc of storms    |       |     3 |     1 |     7 ||    11
       Phial of floods   |       |       |     4 |     6 ||    10
       Deck              |       |       |     4 |    24 ||    28
       Fan of gales      |       |       |     4 |     8 ||    12
       Box of beasts     |       |       |       |     1 ||     1
       Phantom mirror    |       |       |       |     1 ||     1
  Use: Potion            |     2 |       |       |     9 ||    11
       Scroll            |       |       |     1 |       ||     1
 Stab: Distracted        |       |       |       |     3 ||     3
